 Dungeon Crawl Stone Soup version 0.31-a0-986-g5e6e4ef867 (webtiles) character file.

Game seed: 2899586697001856973

18 pokeman the Magician (level 2, -1/16 HPs)
             Began as a Deep Elf Hedge Wizard on Nov 19, 2023.
             Slain by a giant cockroach (2 damage)
             ... on level 1 of the Dungeon.
             The game lasted 00:01:02 (765 turns).

pokeman the Magician (Deep Elf Hedge Wizard)         Turns: 765, Time: 00:01:02

Health: -1/16      AC:  2    Str:  7    XL:     2   Next: 51%
Magic:  5/9        EV: 12    Int: 18    God:
Gold:   65         SH:  0    Dex: 14    Spells: 9/10 levels left

rFire   . . .        h - +0 whip (venom)
rCold   . . .        (no shield)
rNeg    . . .        b - +0 robe
rPois   .            c - +0 hat
rElec   .            (no cloak)
rCorr   .            (no gloves)
SInv    .            (no boots)
Will    .....        (no amulet)
Stlth   ++           (no ring)
HPRegen 0.22/turn    (no ring)
MPRegen 0.11/turn

%: no passive effects
@: lethally poisoned (-1 -> -3)
A: no striking features
a: no special abilities


You were on level 1 of the Dungeon.
You visited 1 branch of the dungeon, and saw 1 of its levels.

You collected 65 gold pieces.

Inventory:

Hand Weapons
 h - a +0 whip of venom (weapon)
Armour
 b - a +0 robe (worn)
 c - a +0 hat (worn)
Jewellery
 g - a ring of fire
Scrolls
 f - a scroll of identify {unknown}
Potions
 d - a potion of magic
 e - a potion of curing {unknown}


   Skills:
 + Level 0.5 Fighting
 + Level 0.5 Armour
 - Level 2.4 Dodging
 - Level 2.4 Stealth
 * Level 4.9 Spellcasting
 + Level 1.5 Conjurations
 - Level 1.1 Summonings
 - Level 1.1 Translocations


You had 9 spell levels left.
You knew the following spells:

 Your Spells              Type           Power      Damage    Failure   Level
a - Magic Dart            Conj           40%        1d5       7%          1

Your spell library contained the following spells:

 Spells                   Type           Power      Damage    Failure   Level
 Blink                    Tloc           16%        N/A       13%         2
 Call Imp                 Summ           16%        N/A       13%         2
 Slow                     Hex            16%        N/A       14%         1
 Cigotuvi's Dreadful Rot  Necr/Pois/Air  8%         N/A       21%         2
 Mephitic Cloud           Conj/Pois/Air  6%         N/A       32%         3


Dungeon Overview and Level Annotations

Branches:
Dungeon (1/15)

Altars:

Shops:
D:1 !


Message History

Aim: a kobold, wielding a +2 short sword of venom and quivering stones (heavily wounded, 100% to hit)
The magic dart hits the kobold but does no damage.
The kobold is heavily wounded.
Unknown command.
You hit the kobold but do no damage.
The kobold is heavily wounded.
The kobold barely misses you.
You hit the kobold.
The kobold is heavily wounded.
The kobold barely misses you.
You closely miss the kobold.
The kobold is heavily wounded.
The kobold hits you with a +2 short sword of venom.
You are poisoned.
You hit the kobold.
You kill the kobold!
You feel very sick.
You feel sick.
The endoplasm attacks as it pursues you!
The endoplasm hits you.
Casting: Magic Dart (safe; 7% risk of failure)
Confirm with . or Enter, or press ? or * to list all spells.
You don't know that spell.
You hit the endoplasm but do no damage.
You feel sick. The endoplasm hits you.
* * * LOW HITPOINT WARNING * * *
The endoplasm freezes you.
You are frozen.
* * * LOW HITPOINT WARNING * * *
Unknown command.
You hit the endoplasm.
The endoplasm is poisoned.
The endoplasm is severely wounded.
* * * LOW HITPOINT WARNING * * *
You feel sick.
You kill the endoplasm!
The giant cockroach bites you but does no damage.
Unknown command.
You completely miss the giant cockroach.
* * * LOW HITPOINT WARNING * * *
You feel sick. The giant cockroach bites you.
You die...

#....# ####.# .. #.#
.# #.# .# ####.# .#
..##.# .# .....# .#
#.#### ###♣#♣#♣#)#
..# #..(._.@B.# ..#
#.#♣#♣#♣#.# ..#
#.#######.#
..########.........#
............########
).......))........
..#######.......##
..# ##...##.# .##
##.## #


You could see a giant cockroach.

Vanquished Creatures
  2 endoplasms (D:1)
  2 goblins (D:1)
  A hobgoblin (D:1)
  3 ball pythons (D:1)
  A bat (D:1)
  2 frilled lizards (D:1)
  6 kobolds (D:1)
  2 rats (D:1)
19 creatures vanquished.

Notes
Turn   | Place    | Note
-------+----------+-------------------------------------------
     0 | D:1      | pokeman the Deep Elf Hedge Wizard began the quest for the
                  | Orb.
     0 | D:1      | Reached XP level 1. HP: 10/10 MP: 7/7
   333 | D:1      | Reached XP level 2. HP: 15/15 MP: 3/9
   419 | D:1      | Found Icejom's Distillery.
   744 | D:1      | Found a faded altar of an unknown god.
   765 | D:1      | Slain by a giant cockroach

Illustrated notes

Levels and vault maps discovered:
D:1:      mushboom_english_gardens, layout_loops_ring,
          ebering_ecumenical_altar_hall, serial_shops,
          nicolae_shop_real_fake_doors

Action                     || total
---------------------------++-------
  Melee: Dagger            ||     1
         Whip              ||     7
   Cast: Magic Dart        ||    40
 Armour: Robe              ||     8
  Dodge: Dodged            ||     2

Table legend: (Time is in decaauts)
 A = Elapsed time spent in this place.
 B = Non-inter-level travel time spent in this place.
 C = Inter-level travel time spent in this place.
 D = Time resting spent in this place.
 E = Time spent auto-exploring this place.
 F = Levels seen in this place.
 G = Mean time per level.
                   A        B        C        D        E       F      G
               +--------+--------+--------+--------+--------+-----+--------+
         Total |    765 |    765 |      0 |      0 |    685 |   1 |  765.0 |
       Dungeon |    765 |    765 |      0 |      0 |    685 |   1 |  765.0 |
               +--------+--------+--------+--------+--------+-----+--------+

Top non-repeatable levels by time:
     D:1: 765 daAuts
